 Dungeon Crawl Stone Soup version 0.21.1-1-g345015f (webtiles) character file.

6715 RudyRod the Cleaver (level 10, -4/88 HPs)
             Began as a Minotaur Fighter on May 17, 2018.
             Was a High Priest of Okawaru.
             Slain by an orc warrior
             ... wielding a +0 trident
              (17 damage)
             ... on level 10 of the Dungeon.
             The game lasted 00:25:11 (8717 turns).

RudyRod the Cleaver (Minotaur Fighter)              Turns: 8717, Time: 00:25:12

Health: -4/88      AC:  7    Str: 27    XL:     10   Next: 74%
Magic:  13/13      EV: 10    Int:  9    God:    Okawaru [*****.]
Gold:   514        SH:  0    Dex:  9    Spells: 9/9 levels left

rFire    + + +     SeeInvis .   d - +3 hand axe
rCold    . . .     Gourm    +   c - +0 shield
rNeg     . . .     Faith    .   j - +2 scale mail {rPois}
rPois    +         Spirit   .   (helmet unavailable)
rElec    .         Reflect  .   D - scarf {rC+ rF+}
rCorr    .         Harm     .   (no gloves)
MR       .....                  (no boots)
Stlth    ..........             k - amulet of the gourmand
HPRegen  0.24/turn              x - +2 ring of intelligence
MPRegen  0.13/turn              F - ring of Jostedi {Fire Str+2 Int+2}

@: confused
A: retaliatory headbutt, horns 3, deformed body, fire resistance 1, high mp 1
a: Heroism, Finesse, Renounce Religion


You were on level 10 of the Dungeon.
You worshipped Okawaru.
Okawaru was extremely pleased with you.
You were very full.

You visited 2 branches of the dungeon, and saw 11 of its levels.

You collected 514 gold pieces.

Inventory:

Hand Weapons
 a - a +1 war axe
 d - a +3 hand axe (weapon)
 q - the +7 long sword of the Forest {freeze, *Slow rN+++ Int+7}
   (You took it off a centaur on level 9 of the Dungeon)

   It has been specially enchanted to freeze those struck by it, causing extra
   injury to most foes and up to half again as much damage against particularly
   susceptible opponents.
   It can also slow down cold-blooded creatures.
   It affects your intelligence (+7).
   It renders you almost immune to negative energy.
   It may slow you when you take damage.
 L - the +10 dagger of Abomination {venom, Str+6}
   (You found it on level 8 of the Dungeon)

   It poisons the flesh of those it strikes.
   It affects your strength (+6).
Armour
 b - a +1 scale mail
 c - a +0 shield (worn)
 j - a +2 scale mail of poison resistance (worn)
 r - a +0 cloak
 t - a +0 large shield
 w - a scarf of repulsion
 D - a scarf of resistance (worn)
 J - a cursed +0 scale mail
Magical Staves
 y - an uncursed staff of fire
Jewellery
 k - an amulet of the gourmand (around neck)
 x - a +2 ring of intelligence (left hand)
 F - the ring of Jostedi (right hand) {Fire Str+2 Int+2}
   (You found it on level 7 of the Dungeon)

   [ring of fire]

   It enhances your fire magic.
   It affects your strength (+2).
   It affects your intelligence (+2).
   It protects you from fire.
   It makes you vulnerable to cold.
Wands
 s - a wand of paralysis (3)
 I - a wand of random effects (22)
Scrolls
 e - 2 scrolls of magic mapping
 g - a scroll of holy word {unknown}
 h - a scroll of blinking
 i - 6 scrolls of remove curse
 l - 3 scrolls of enchant weapon
 m - 4 scrolls of identify
 o - 7 scrolls of teleportation
 u - a scroll of fog
 B - a scroll of amnesia
 C - a scroll of enchant armour
 G - 2 scrolls of fear
Potions
 n - a potion of magic
 p - 4 potions of flight
 v - a potion of ambrosia
 z - a potion of agility
 A - a potion of curing
 E - a potion of brilliance
 H - a potion of invisibility
Comestibles
 f - 13 rations
 K - 13 chunks of flesh


   Skills:
 + Level 8.2 Fighting
 + Level 11.8 Axes
 + Level 9.4 Armour
 + Level 3.7 Dodging
 + Level 1.4 Stealth
 + Level 8.9 Shields
 * Level 4.3 Invocations


You had 9 spell levels left.
You didn't know any spells.

Dungeon Overview and Level Annotations

Branches:
Dungeon (10/15)            Temple (1/1) D:6            Lair (0/6) D:9
    Orc: D:9-12

Altars:
Ashenzari
Cheibriados
Dithmenos
Elyvilon
Fedhas
Gozag
Hepliaklqana
Kikubaaqudgha
Makhleb
Nemelex Xobeh
Okawaru
Qazlal
Ru
Sif Muna
Trog
Uskayaw
Vehumet
Wu Jian
Xom
Yredelemnul
Zin
The Shining One

Shops:
D:6 *


Innate Abilities, Weirdness & Mutations

You reflexively headbutt those who attack you in melee.
You have a pair of large horns on your head.
Armour fits poorly on your strangely shaped body.
Your flesh is heat resistant. (rF+)
You have an increased reservoir of magic. (+10% MP)


Message History

* * * LOW HITPOINT WARNING * * *
You hit the orc warrior but do no damage.
The orc warrior is lightly wounded.
The orc warrior hits you with a trident.
* * * LOW HITPOINT WARNING * * *
You slash the orc warrior!
The orc warrior is severely wounded.
You closely miss the orc warrior.
You headbutt the orc warrior, but do no damage.
The orc warrior is severely wounded.
The orc warrior hits you with a trident!
* * * LOW HITPOINT WARNING * * *
You are confused.
You feel invigorated.
The orc wizard casts a spell.
The orc wizard blinks!
The orc warrior closely misses you.
You miss the orc warrior.
The orc warrior is severely wounded.
The orc warrior hits you with a trident!
You die...

######## .......#
########### .......#
#.........# .......+
#...o..>..# .......#
#.........# . .......#
#.........##.# .......#
#....ยง....... .......#
#.#...o.)...# .......#
#......@....# )......#
###.........# #####'##
#######.### #.# #.)# #.#
#.## #####.## #.#
.......##########.###
#####...............#######.
####.###########.#.........


You could see an orc warrior and an orc wizard.

Vanquished Creatures
  A two-headed ogre (D:10)
  An elephant (D:9)
  6 yaks (D:9)
  2 basilisks (D:9)
  A water moccasin (D:9)
  A sky beast (D:5)
  A black bear (D:9)
  2 orc warriors
  A necrophage (D:8)
  3 ice beasts
  5 ogres
  4 phantoms
  5 centaurs
  2 big kobolds
  Blork the orc (D:5)
  6 bullfrogs
  2 scorpions
  13 wights
  5 howler monkeys
  6 crimson imps
  3 jellies
  A quasit (D:8)
  2 orc priests
  5 hounds
  A centaur skeleton (D:8)
  5 orc wizards
  6 iguanas
  Ijyb (D:3)
  3 worker ants
  A killer bee zombie (D:9)
  A hound zombie (D:9)
  8 adders
  A shadow imp (D:5)
  An adder zombie (D:5)
  An adder skeleton (D:4)
  3 dart slugs
  4 worms
  4 leopard geckos
  23 orcs
  3 giant cockroaches
  7 goblins
  4 hobgoblins
  3 jackals
  6 quokkas
  10 bats
  6 frilled lizards
  13 kobolds
  A leopard gecko skeleton (D:8)
  6 rats
201 creatures vanquished.

Vanquished Creatures (others)
  A fungus (D:9)
1 creature vanquished.

Grand Total: 202 creatures vanquished

Notes
Turn   | Place    | Note
-------+----------+-------------------------------------------
     0 | D:1      | RudyRod the Minotaur Fighter began the quest for the Orb.
     0 | D:1      | Reached XP level 1. HP: 19/19 MP: 0/0
   126 | D:1      | Reached XP level 2. HP: 26/27 MP: 1/1
   706 | D:2      | Reached XP level 3. HP: 24/33 MP: 2/2
   872 | D:2      | Reached skill level 3 in Axes
   913 | D:2      | Reached XP level 4. HP: 31/40 MP: 3/3
  1432 | D:3      | Reached skill level 1 in Dodging
  1580 | D:3      | Noticed Ijyb
  1597 | D:3      | Killed Ijyb
  1597 | D:3      | Reached skill level 5 in Shields
  1755 | D:3      | Reached skill level 4 in Axes
  1965 | D:4      | Reached XP level 5. HP: 46/46 MP: 4/4
  2044 | D:4      | Noticed an ogre
  2053 | D:4      | Killed an ogre
  2526 | D:4      | Reached XP level 6. HP: 48/52 MP: 5/5
  3059 | D:5      | Entered Level 5 of the Dungeon
  3098 | D:5      | Reached skill level 5 in Axes
  3141 | D:5      | Found a glowing golden altar of the Shining One.
  3194 | D:5      | Reached XP level 7. HP: 55/60 MP: 6/6
  3316 | D:5      | Reached skill level 6 in Axes
  3316 | D:5      | Reached skill level 5 in Armour
  3585 | D:5      | Noticed Blork the orc
  3592 | D:5      | Killed Blork the orc
  3914 | D:6      | Reached skill level 1 in Stealth
  3946 | D:6      | Reached skill level 5 in Fighting
  3946 | D:6      | Reached skill level 7 in Axes
  4012 | D:6      | Found a shimmering altar of Xom.
  4130 | D:6      | Reached XP level 8. HP: 55/68 MP: 7/7
  4355 | D:6      | Reached skill level 8 in Axes
  4449 | D:6      | Found Joej's General Store.
  4628 | D:6      | Found a staircase to the Ecumenical Temple.
  4635 | Temple   | Entered the Ecumenical Temple
  4711 | Temple   | Became a worshipper of Warmaster Okawaru
  5256 | D:7      | Got a steaming marble ring
  5257 | D:7      | Identified the ring of Jostedi {Fire Str+2 Int+2} (You found it on level 7 of the Dungeon)
  5357 | D:7      | Reached skill level 9 in Axes
  5654 | D:7      | Reached * piety under Okawaru
  5948 | D:8      | Reached XP level 9. HP: 41/75 MP: 8/8
  6247 | D:8      | Reached ** piety under Okawaru
  6247 | D:8      | Reached skill level 10 in Axes
  6538 | D:8      | Reached skill level 1 in Invocations
  6957 | D:8      | Got a bloodstained dagger
  6958 | D:8      | Identified the +10 dagger of Abomination {venom, Str+6} (You found it on level 8 of the Dungeon)
  7190 | D:9      | Gained mutation: Armour fits poorly on your strangely shaped body. [potion of mutation]
  7190 | D:9      | Gained mutation: You are robust. (+10% HP) [potion of mutation]
  7191 | D:9      | Lost mutation: You are robust. (+10% HP) [potion of mutation]
  7191 | D:9      | Gained mutation: You have an increased reservoir of magic. (+10% MP) [potion of mutation]
  7191 | D:9      | Gained mutation: Your flesh is heat resistant. (rF+) [potion of mutation]
  7191 | D:9      | Gained mutation: You have a pair of large horns on your head. [potion of mutation]
  7229 | D:9      | Reached *** piety under Okawaru
  7233 | D:9      | Reached XP level 10. HP: 72/86 MP: 10/12
  7244 | D:9      | Reached skill level 11 in Axes
  7562 | D:9      | Found a basalt altar of Yredelemnul.
  7737 | D:9      | Noticed an elephant
  7738 | D:9      | Got an uncursed jewelled long sword {freeze}
  7752 | D:9      | Killed an elephant
  7752 | D:9      | Reached **** piety under Okawaru
  8017 | D:9      | Identified the +7 long sword of the Forest {freeze, *Slow rN+++ Int+7} (You took it off a centaur on level 9 of the Dungeon)
  8023 | D:9      | Found a staircase to the Lair.
  8413 | D:10     | Entered Level 10 of the Dungeon
  8525 | D:10     | Noticed a two-headed ogre
  8541 | D:10     | Killed a two-headed ogre
  8541 | D:10     | Reached ***** piety under Okawaru
  8717 | D:10     | Slain by an orc warrior

Skill      XL: |  1  2  3  4  5  6  7  8  9 10 |
---------------+-------------------------------+-----
Shields        | 4 5 6 7 8 |  8.9
Armour         | 4 5 6 8 9 |  9.4
Fighting       | 4 5 6 7 8 |  8.2
Axes           | 3 4 5 7 9 10 11 | 11.8
Dodging        | 1 2 3 |  3.7
Stealth        | 1 |  1.4
Invocations    | 2 4 |  4.3

Action                   |  1- 3 |  4- 6 |  7- 9 | 10-12 || total
-------------------------+-------+-------+-------+-------++-------
Melee: War axe           |    59 |   142 |    67 |       ||   268
       Headbutt          |     8 |    25 |    73 |    41 ||   147
       Hand axe          |       |       |   280 |   177 ||   457
Invok: Heroism           |       |       |       |     1 ||     1
  Use: Potion            |     4 |       |     4 |     5 ||    13
       Scroll            |       |    10 |     8 |       ||    18
  Eat: Chunk             |       |     6 |    25 |     4 ||    35
       Ration            |       |     1 |       |       ||     1
Armor: Scale mail        |    33 |    46 |    72 |    32 ||   183
Dodge: Dodged            |    26 |    41 |   104 |    27 ||   198
Block: Shield            |    50 |    85 |   138 |    62 ||   335
